 Dungeon Crawl Stone Soup version 0.31-a0-920-g28cbb04a8c (webtiles) character file.

Game seed: 7491256071050092674

366 DocEon the Cudgeller (level 6, -1/52 (53) HPs)
             Began as an Armataur Fighter on Oct 17, 2023.
             Slain by an orc
             ... wielding a +0 war axe
              (6 damage)
             ... on level 3 of the Dungeon.
             The game lasted 00:02:18 (2211 turns).

DocEon the Cudgeller (Armataur Fighter)             Turns: 2211, Time: 00:02:19

HP:   -1/52 (53)    AC:  6    Str: 23    XL:     6   Next: 40%
MP:   6/6           EV:  7    Int:  9    God:
Gold: 120           SH:  4    Dex:  9    Spells: 5/5 levels left

rFire   . . .        a - +2 mace (drain)
rCold   . . .        c - +0 buckler
rNeg    . . .        b - +0 scale mail
rPois   .            (no helmet)
rElec   .            (no cloak)
rCorr   .            (no gloves)
SInv    .            (no barding)
Will    .....        (no amulet) Stlth
                     (no ring)
HPRegen 0.28/turn    (no ring)
MPRegen 0.10/turn

%: roll
@: lightly drained
A: large, rugged brown scales 3, deformed body, armoured tail, roll, long
tongue, awkward tongue
a: no special abilities


You were on level 3 of the Dungeon.
You visited 1 branch of the dungeon, and saw 3 of its levels.
You also visited: Sewer.

You collected 120 gold pieces.

Inventory:

Hand Weapons
 a - a +2 mace of draining (weapon)
Armour
 b - a +0 scale mail (worn)
 c - a +0 buckler (worn)
Scrolls
 h - a scroll of teleportation
 k - a scroll of noise {unknown}
Potions
 d - a potion of curing {unknown}
 e - a potion of berserk rage
 f - a potion of haste {unknown}
 g - 3 potions of enlightenment
 i - a potion of attraction {unknown}
 j - a potion of resistance {unknown}


   Skills:
 - Level 2.6 Fighting
 * Level 6.3 Maces & Flails
 - Level 3.6 Armour
 - Level 3.2 Shields


You had 5 spell levels left.
You didn't know any spells.
Your spell library was empty.

Dungeon Overview and Level Annotations

Branches:
Dungeon (3/15)              Sewer (visited)

Altars:
Qazlal
Wu Jian
The Shining One

Annotations:
D:3 1 transporter


Innate Abilities, Weirdness & Mutations

You are completely covered in rugged brown scales. (AC +3, +7% HP)
Armour fits poorly on your strangely shaped body.
You have a long armoured tail.
You roll when moving toward enemies. (Rampage)
Your long tongue fully drains potion bottles. (2x potion effects)
Your tongue gives you trouble enunciating. (1.5x scroll delay)


Message History

The orc priest is lightly wounded.
The ball python hisses angrily.
The orc priest mumbles some strange prayers to Beogh against you.
Beogh smites you! The orc hits you with a +0 war axe.
You closely miss the orc priest.
The orc priest is lightly wounded.
The orc priest completely misses you. The orc barely misses you.
You hit the orc priest. You drain the orc priest.
The orc priest is severely wounded.
The orc priest hits you but does no damage.
The orc hits you with a +0 war axe!
You barely miss the orc priest.
The orc priest is severely wounded.
The orc priest hits you but does no damage.
The orc hits you with a +0 war axe.
You barely miss the orc priest.
The orc priest is severely wounded.
The orc priest hits you with a +0 club.
* * * LOW HITPOINT WARNING * * *
The orc hits you but does no damage. The ball python bites you.
* * * LOW HITPOINT WARNING * * *
You hit the orc priest. You drain the orc priest.
The orc priest is almost dead.
You block the hobgoblin's attack.
The orc priest looks encouraged for a moment.
The orc barely misses you. The ball python bites you.
* * * LOW HITPOINT WARNING * * *
An iguana comes into view.
The orc priest barely misses you.
The hobgoblin hits you but does no damage.
The orc hits you with a +0 war axe!
* * * LOW HITPOINT WARNING * * *
You hit the orc priest but do no damage.
The orc priest is almost dead.
The ball python bites you but does no damage.
The hobgoblin hits you but does no damage.
The orc priest hits you with a +0 club.
* * * LOW HITPOINT WARNING * * *
The orc hits you with a +0 war axe.
You die...

#... ##.#.##..# #..#
#.....#..# . # #.©#
#.$.##..# .. #©##..##
####...#
...###....####......#
...........##.......#
....................#
......g.............#
......o@######......#
.l....So# #.......<.
........# #......#..
........# #......#...
......### ######.# ..
...... +# ......
......


You could see an iguana, an orc priest (very drained), an orc, a hobgoblin and a
ball python.

Vanquished Creatures
  Grinder (D:3)
  A water moccasin (Sewer)
  2 worms
  2 dart slugs
  2 orcs (D:3)
  2 ball pythons
  4 endoplasms
  3 giant cockroaches (D:1)
  4 goblins
  A hobgoblin (D:3)
  4 jackals (D:2)
  3 kobolds
  3 quokkas (D:1)
  4 bats
  6 frilled lizards
  6 rats
48 creatures vanquished.

Notes
Turn   | Place    | Note
-------+----------+-------------------------------------------
     0 | D:1      | DocEon the Armataur Fighter began the quest for the Orb.
     0 | D:1      | Reached XP level 1. HP: 19/19 MP: 1/1
    53 | D:1      | Reached skill level 2 in Maces & Flails
   196 | D:1      | Reached XP level 2. HP: 24/26 MP: 2/2
   667 | D:2      | Reached skill level 3 in Maces & Flails
   937 | D:2      | Reached XP level 3. HP: 32/32 MP: 3/3
  1736 | D:3      | Found an ornate altar of the Wu Jian Council.
  1739 | D:3      | Found a stormy altar of Qazlal.
  1743 | D:3      | Found a glowing golden altar of the Shining One.
  1770 | D:3      | Noticed Grinder
  1789 | D:3      | Killed Grinder
  1790 | D:3      | Reached skill level 5 in Maces & Flails
  1790 | D:3      | Reached XP level 4. HP: 24/39 MP: 4/4
  1790 | D:3      | Reached XP level 5. HP: 27/44 MP: 5/5
  1855 | D:3      | Found a glowing drain.
  1867 | Sewer    | Entered a sewer
  1887 | Sewer    | Noticed a water moccasin
  1903 | Sewer    | Killed a water moccasin
  1904 | Sewer    | Reached skill level 6 in Maces & Flails
  1904 | Sewer    | Reached XP level 6. HP: 29/53 MP: 6/6
  2172 | D:3      | Noticed a small abomination
  2201 | D:3      | Found a transporter.
  2211 | D:3      | Slain by an orc

Illustrated notes

Levels and vault maps discovered:
D:1:      dpeg_arrival_boxorama, layout_loops_ring
D:2:      layout_loops_corners, st_stairs_1
D:3:      layout_basic, grunt_temple_overflow_diamond,
          gammafunk_ghost_abyssal_escape, cheibrodos_sewer_entry_bend,
          uniq_grinder

Skill      XL: |  1  2  3  4  5 |
---------------+----------------+-----
Maces & Flails | 2 3 5 6 |  6.3
Fighting       | |  2.6
Armour         | |  3.6
Shields        | |  3.2

Action                     |  1- 3 |  4- 6 || total
---------------------------+-------+-------++-------
  Melee: Flail             |   117 |    24 ||   141
         Tailslap          |    11 |       ||    11
         Mace              |       |    16 ||    16
  Evoke: Wand              |       |     5 ||     5
    Use: Scroll            |     3 |     2 ||     5
         Potion            |     2 |     2 ||     4
 Armour: Scale mail        |    75 |    41 ||   116
  Dodge: Dodged            |    34 |    14 ||    48
  Block: Buckler           |    14 |     7 ||    21

Table legend: (Time is in decaauts)
 A = Elapsed time spent in this place.
 B = Non-inter-level travel time spent in this place.
 C = Inter-level travel time spent in this place.
 D = Time resting spent in this place.
 E = Time spent auto-exploring this place.
 F = Levels seen in this place.
 G = Mean time per level.
                   A        B        C        D        E       F      G
               +--------+--------+--------+--------+--------+-----+--------+
         Total |   2250 |   2166 |     84 |    126 |   1569 |   4 |  562.5 |
       Dungeon |   2076 |   1992 |     84 |     36 |   1528 |   3 |  692.0 |
         Sewer |    174 |    174 |      0 |     90 |     41 |   1 |  174.0 |
               +--------+--------+--------+--------+--------+-----+--------+

Top non-repeatable levels by time:
     D:2: 990 daAuts
     D:1: 669 daAuts
     D:3: 415 daAuts
   Sewer: 174 daAuts
